 Dungeon Crawl Stone Soup version 0.29-a0-40-g8eb35efe60 (webtiles) character file.

Game seed: 17216220400999503049

879 robertstho the Ruffian (level 7, 0/60 (68) HPs)
             Began as a Troll Delver on Feb 1, 2022.
             Slain by Edmund (1 damage)
             ... on level 4 of the Dungeon.
             The game lasted 00:06:07 (3097 turns).

robertstho the Ruffian (Troll Delver)               Turns: 3097, Time: 00:06:09

HP:   0/60 (68)     AC:  4    Str: 23    XL:     7   Next: 75%
MP:   6/6           EV: 10    Int:  6    God:
Gold: 195           SH:  0    Dex: 11    Spells: 6/6 levels left

rFire   . . .      SeeInvis .     - Unarmed
rCold   . . .      Faith    .   (no shield)
rNeg    + . .      Spirit   .   a - +0 robe
rPois   .          Reflect  .   (helmet restricted)
rElec   .          Harm     .   (no cloak)
rCorr   .          Rampage  .   (gloves unavailable)
Will    .....                   (boots unavailable)
Stlth   ++........              (no amulet)
HPRegen 1.00/turn               g - ring of positive energy
MPRegen 0.10/turn               (no ring)

@: mighty, heavily drained
A: large, unfitting armour, claws 3, regeneration 1, shaggy fur 1, tough skin 1
a: no special abilities


You were on level 4 of the Dungeon.
You visited 1 branch of the dungeon, and saw 6 of its levels.

You collected 195 gold pieces.

Inventory:

Hand Weapons
 l - a +4 short sword of flaming
Armour
 a - a +0 robe (worn)
Jewellery
 g - a ring of positive energy (left claw)
Wands
 f - a wand of digging (3)
 j - a wand of iceblast (10)
Scrolls
 b - 2 scrolls of fog
 c - 2 scrolls of magic mapping
 e - 2 scrolls of teleportation
 h - a scroll of immolation {unknown}


   Skills:
 * Level 3.8 Fighting
 + Level 3.0 Dodging
 + Level 3.6 Stealth
 * Level 6.7 Unarmed Combat


You had 6 spell levels left.
You didn't know any spells.
Your spell library contained the following spells:

 Spells                   Type           Power      Damage    Failure   Level
 Foxfire                  Conj/Fire      0%         2x1d4     45%         1
 Conjure Flame            Conj/Fire      0%         6-21      83%         3
 Frozen Ramparts          Ice            0%         1d2       83%         3
 Inner Flame              Hex/Fire       0%         N/A       83%         3
 Flame Wave               Conj/Fire      0%         2d4       99%         4
 Ice Form                 Ice/Tmut       0%         N/A       99%         4
 Summon Ice Beast         Ice/Summ       0%         N/A       99%         4


Dungeon Overview and Level Annotations

Branches:
Dungeon (6/15)
 Temple: D:4-7

Altars:
Lugonu

Shops:
D:5 ([

Portals:
Abyss: D:6

Annotations:
D:4 Blork the orc, Edmund


Innate Abilities, Weirdness & Mutations

You are too large for most types of armour.
You have claws for hands.
Your natural rate of healing is unusually fast.
You are covered in fur. (AC +1)
You have tough skin. (AC +1)


Message History

A centaur skeleton comes into view.
The centaur skeleton moves out of view.
Edmund closely misses you.
You barely miss Edmund.
Edmund hits you with a +2 dire flail of draining.
You partially resist.
You feel drained.
You claw Edmund!
Edmund is moderately wounded.
Edmund misses you.
You mangle Edmund!! You claw Edmund, but do no damage.
Edmund is severely wounded.
Edmund hits you with a +2 dire flail of draining!
You partially resist.
You feel drained.
You scratch Edmund but do no damage.
Edmund is severely wounded.
Edmund closely misses you.
You barely miss Edmund.
Edmund is severely wounded.
You barely miss Edmund.
Edmund is severely wounded.
Edmund hits you with a +2 dire flail of draining!!
You partially resist.
You feel drained.
You scratch Edmund but do no damage.
Edmund is severely wounded.
Edmund hits you with a +2 dire flail of draining!
You partially resist.
You feel drained.
You scratch Edmund but do no damage.
Edmund is severely wounded.
The orc closely misses you.
Edmund hits you with a +2 dire flail of draining!
* * * LOW HITPOINT WARNING * * *
You partially resist.
You feel drained.
* * * LOW HITPOINT WARNING * * *
It was a potion of might.
You feel very mighty all of a sudden. The orc barely misses you.
Edmund hits you with a +2 dire flail of draining!
* * * LOW HITPOINT WARNING * * *
You partially resist.
You feel drained.
You die...

#. ##.#. ...
###.......# ..## ...#
.#....#..# ...# .....
....##..##..# .....#
...##......####.
......# ...#...).......
.......##.##..o......<.
.......@@g#............
......o##..............
#......................
#...............##.....
................#...(..
..............>........
........##.............
..[..................
##
...................##.


You could see Edmund, an orc and a hobgoblin.

Vanquished Creatures
  A black bear (D:5)
  An ogre (D:4)
  A necrophage (D:5)
  A phantom (D:5)
  A bullfrog (D:5)
  A water moccasin zombie (D:5)
  A scorpion (D:5)
  A bullfrog zombie (D:5)
  3 hounds
  A jelly (D:5)
  2 orc priests
  Terence (D:2)
  An orc wizard (D:6)
  4 adders
  An adder skeleton (D:4)
  2 dart slugs
  9 orcs
  3 ball pythons
  5 endoplasms
  A giant cockroach (D:1)
  3 goblins
  5 hobgoblins
  2 jackals (D:2)
  3 quokkas
  6 bats
  4 frilled lizards
  5 kobolds
  2 rats
71 creatures vanquished.

Vanquished Creatures (others)
  An adder (D:3)
  A lurking horror (D:6)
  2 plants (D:1)
4 creatures vanquished.

Grand Total: 75 creatures vanquished

Notes
Turn   | Place    | Note
-------+----------+-------------------------------------------
     0 | D:5      | robertstho the Troll Delver began the quest for the Orb.
     0 | D:5      | Reached XP level 1. HP: 22/22 MP: 0/0
     5 | D:5      | Found Juyc's Antique Armour Boutique.
    19 | D:4      | Noticed a hound
    30 | D:3      | Reached XP level 2. HP: 17/29 MP: 1/1
   160 | D:2      | Reached XP level 3. HP: 29/36 MP: 2/2
   387 | D:2      | Reached XP level 4. HP: 37/44 MP: 3/3
   488 | D:2      | Noticed Terence
   504 | D:2      | Killed Terence
   505 | D:2      | Reached skill level 3 in Unarmed Combat
   586 | D:1      | You fall into a shaft and drop 1 floor!
  1832 | D:3      | Found a faded altar of an unknown god.
  2206 | D:4      | Noticed Blork the orc
  2247 | D:4      | Noticed an ogre
  2392 | D:4      | You fall into a shaft and drop 2 floors!
  2395 | D:6      | Found a one-way gate to the infinite horrors of the Abyss.
  2396 | D:6      | Found a corrupted altar of Lugonu.
  2402 | D:6      | Reached XP level 5. HP: 53/53 MP: 4/4
  2411 | D:6      | Reached skill level 4 in Unarmed Combat
  2564 | D:5      | Reached XP level 6. HP: 61/61 MP: 5/5
  2672 | D:5      | Reached skill level 5 in Unarmed Combat
  2920 | D:5      | Reached XP level 7. HP: 64/67 MP: 6/6
  2948 | D:5      | Found Ylafytusup's Weapon Emporium.
  2970 | D:5      | Reached skill level 6 in Unarmed Combat
  3079 | D:4      | Noticed Edmund
  3097 | D:4      | HP: 1/62 [Edmund (10)]
  3097 | D:4      | Slain by Edmund

Illustrated notes

Levels and vault maps discovered:
D:1:      wander_arrival_fairy_ring, layout_basic, serial_bayou_lagoon_a,
          minmay_misc_feat_cross
D:2:      layout_rooms, serial_corexii_hall, corexii_hall_statues_i,
          chequers_hall_statues_wall_a, chequers_hall_statues_wall_a,
          corexii_hall_statues_t, chequers_hall_statues_y,
          corexii_hall_statues_t, uniq_terence
D:3:      layout_basic, shapermc_ecumenical_altar_ellora, grunt_decor_cap,
          lemuel_flame_loot_1
D:4:      layout_cave_pools, uniq_blork_the_orc, uniq_edmund
D:5:      layout_gridville, serial_shops,
          nicolae_shop_competitors_out_of_business, nicolae_shop_stone,
          nicolae_stop_n_shop_1
D:6:      layout_gridville, gammafunk_temple_overflow_claw, temple_fountains,
          gammafunk_ghost_icy, minmay_shop_enchanted_jewellery,
          amcnicky_altar_lugonu_corruption

Skill      XL: |  1  2  3  4  5  6  7 |
---------------+----------------------+-----
Stealth        | 3 |  3.6
Dodging        | 2 3 |  3.0
Fighting       | 3 |  3.8
Unarmed Combat | 3 4 5 6 |  6.7

Action                   |  1- 3 |  4- 6 |  7- 9 || total
-------------------------+-------+-------+-------++-------
Melee: Unarmed           |    65 |   140 |    48 ||   253
       Punch             |     1 |     3 |     1 ||     5
  Use: Potion            |     1 |     3 |     1 ||     5
       Scroll            |       |     8 |       ||     8
 Stab: Sleeping          |       |     8 |       ||     8
Armor: Robe              |    28 |    41 |     9 ||    78
Dodge: Dodged            |    32 |    79 |    15 ||   126

Table legend: (Time is in decaauts)
 A = Elapsed time spent in this place.
 B = Non-inter-level travel time spent in this place.
 C = Inter-level travel time spent in this place.
 D = Time resting spent in this place.
 E = Time spent auto-exploring this place.
 F = Levels seen in this place.
 G = Mean time per level.
                   A        B        C        D        E       F      G
               +--------+--------+--------+--------+--------+-----+--------+
         Total |   3071 |   2862 |    209 |     48 |   2116 |   6 |  511.8 |
       Dungeon |   3071 |   2862 |    209 |     48 |   2116 |   6 |  511.8 |
               +--------+--------+--------+--------+--------+-----+--------+

Top non-repeatable levels by time:
     D:3: 915 daAuts
     D:1: 687 daAuts
     D:2: 668 daAuts
     D:5: 585 daAuts
     D:4: 142 daAuts
     D:6: 72 daAuts
